 Dungeon Crawl Stone Soup version 0.17.1-1-g73c8601 (webtiles) character file.

404 shmeve the Skirmisher (level 6, -3/56 HPs)
             Began as a Minotaur Fighter on Apr 24, 2016.
             Killed by divine providence
             ... invoked by an orc priest
              (13 damage)
             ... on level 4 of the Dungeon.
             The game lasted 00:05:21 (2773 turns).

shmeve the Skirmisher (Minotaur Fighter)            Turns: 2773, Time: 00:05:21

Health: -3/56      AC: 12    Str: 21    XL:     6   Next: 56%
Magic:  5/5        EV:  6    Int:  5    God:
Gold:   182        SH: 10    Dex: 11    Spells: 0 memorised, 5 levels left

rFire  . . .     SeeInvis .     a - +0 war axe
rCold  . . .     Clarity  .     j - +0 chain mail (curse)
rNeg   . . .     SustAt   .     c - +0 shield
rPois  .         Gourm    .     (helmet restricted)
rElec  .         Spirit   .     u - +2 cloak {+Inv}
rCorr  .         Warding  .     (no gloves)
rMut   .         Stasis   .     (no boots)
MR     .....                    (no amulet)
Stlth  ..........               (no ring)
                                (no ring)

@: not resistant to hostile enchantments, extremely unstealthy
A: retaliatory headbutt, horns 2
a: Evoke Invisibility


You were on level 4 of the Dungeon.
You were not hungry.

You visited 1 branch of the dungeon, and saw 4 of its levels.

You collected 182 gold pieces.

Inventory:

Hand Weapons
 a - a +0 war axe (weapon)
Missiles
 y - 2 tomahawks (quivered)
Armour
 c - a +0 shield (worn)
 j - a cursed +0 chain mail (worn)
 u - a +2 cloak of invisibility (worn)
Scrolls
 f - a scroll of random uselessness {unknown}
 h - 3 scrolls of identify {unknown}
 o - 3 scrolls of remove curse {unknown}
 p - 2 scrolls of enchant armour {unknown}
 r - a scroll of amnesia {unknown}
 s - a scroll of recharging {unknown}
 x - a scroll of teleportation {unknown}
Potions
 b - a potion of lignification {unknown}
 d - 2 potions of might
 g - a potion of heal wounds {unknown}
 i - 2 potions of curing {unknown}
 l - a potion of experience {unknown}
 m - 2 potions of resistance {unknown}
 n - 2 potions of poison {unknown}
 q - 2 potions of degeneration {unknown}
 w - a potion of cancellation {unknown}
Comestibles
 e - 3 bread rations
 k - 2 beef jerkies
 t - a royal jelly
 v - a chunk of flesh
 z - a meat ration


   Skills:
 * Level 5.5 Fighting
 * Level 4.4 Axes
 + Level 1.7 Throwing
 + Level 4.5 Armour
 + Level 1.9 Dodging
 * Level 5.2 Shields


You had 5 spell levels left.
You didn't know any spells.

Dungeon Overview and Level Annotations

Branches:
Dungeon (4/15)
 Temple: D:4-7

Altars:
Yredelemnul


Innate Abilities, Weirdness & Mutations

You reflexively headbutt those who attack you in melee.
You have a pair of horns on your head.


Message History

You hit the orc wizard.
You kill the orc wizard!
You block the orc priest's attack.
The orc priest calls down the wrath of Beogh upon you.
Something smites you!
* * * LOW HITPOINT WARNING * * *
You hit the orc priest but do no damage.
You headbutt the orc priest, but do no damage.
The orc priest is moderately wounded.
You block the orc priest's attack.
You closely miss the orc priest.
The orc priest is moderately wounded.
The orc priest hits you but does no damage.
Unknown command.
You hit the orc priest.
You headbutt the orc priest, but do no damage.
The orc priest is moderately wounded.
The orc priest calls down the wrath of Beogh upon you.
Something smites you!
You die...

............
....................(..
.............. .......
............. ......
###.######.# .....
#..........#####...#
+..................#
#...............o).#
#...............@..#.#+##
#..........##+##...#.....
######......#.##...#.....
#...........+............
#.####......#.##........
#.# #......# #..>..###
#.####......# #.....#
....######+##. #..<..#
#.#.###### #.##.###.#


You could see an orc priest.

Vanquished Creatures
  Sigmund (D:2)
  2 orc priests (D:3)
  An orc wizard (D:4)
  2 iguanas (D:4)
  3 adders
  A shadow imp (D:3)
  An adder zombie (D:3)
  2 worms (D:2)
  8 orcs
  11 bats
  2 giant cockroaches (D:1)
  5 goblins
  7 hobgoblins
  7 kobolds
  A giant gecko (D:2)
  3 giant newts
  3 jackals (D:1)
  A quokka (D:2)
  7 rats
68 creatures vanquished.

Notes
Turn   | Place    | Note
--------------------------------------------------------------
     0 | D:1      | shmeve the Minotaur Fighter began the quest for the Orb.
     0 | D:1      | Reached XP level 1. HP: 19/19 MP: 0/0
   144 | D:1      | Reached XP level 2. HP: 25/27 MP: 1/1
   558 | D:1      | Reached skill level 4 in Fighting
   912 | D:2      | Reached XP level 3. HP: 33/33 MP: 2/2
  1201 | D:2      | Noticed Sigmund
  1213 | D:2      | Killed Sigmund
  1213 | D:2      | Reached skill level 5 in Fighting
  1213 | D:2      | Reached skill level 1 in Throwing
  1213 | D:2      | Reached skill level 1 in Dodging
  1213 | D:2      | Reached XP level 4. HP: 23/42 MP: 3/3
  1213 | D:2      | Reached XP level 5. HP: 26/48 MP: 4/4
  2090 | D:3      | Reached skill level 5 in Shields
  2090 | D:3      | Reached XP level 6. HP: 42/56 MP: 5/5
  2584 | D:4      | Found a basalt altar of Yredelemnul.
  2773 | D:4      | Killed from afar by an orc priest

Action                   |  1- 3 |  4- 6 || total
-------------------------+-------+-------++-------
Melee: War axe           |    81 |    76 ||   157
Throw: Tomahawk          |       |     9 ||     9
  Eat: Chunk             |       |     6 ||     6
